 Seeded DCSS version 0.31-a0-210-gccc998df9b (webtiles) character file.

Game seed: 8113056780134302019 (custom seed)

51 innerfire43 the Trooper (level 3, -4/29 HPs)
             Began as a Demonspawn Monk on June 30, 2023.
             Slain by a worm (10 damage)
             ... on level 2 of the Dungeon.
             The game lasted 00:02:13 (756 turns).

innerfire43 the Trooper (Demonspawn Monk)            Turns: 756, Time: 00:02:13

Health: -4/29      AC:  4    Str: 11 (13) XL:     3   Next: 58%
Magic:  3/3        EV: 13    Int: 12 (14) God:
Gold:   51         SH:  0    Dex: 13 (15) Spells: 2/2 levels left

rFire   . . .        a - +0 mace
rCold   . . .        d - orb {light}
rNeg    . . .        b - +0 robe
rPois   .            f - +2 hat {Int+3}
rElec   .            (no cloak)
rCorr   .            (no gloves)
SInv    .            (no boots)
Will    .....        (no amulet)
Stlth   +            (no ring)
HPRegen 0.24/turn    (no ring)
MPRegen 0.08/turn

%: no passive effects
@: confused, ambrosia-drunk, glowing
A: demonic touch 1
a: no special abilities


You were on level 2 of the Dungeon.
You visited 1 branch of the dungeon, and saw 2 of its levels.

You collected 51 gold pieces.

Inventory:

Hand Weapons
 a - a +0 mace (weapon)
 m - a +2 lajatang of pain
Armour
 b - a +0 robe (worn)
 d - an orb of light (worn)
 f - a +2 hat of intelligence (worn)
 h - a +0 helmet
Jewellery
 e - a ring of see invisible
Scrolls
 g - 2 scrolls of vulnerability {unknown}
 i - a scroll of fog {unknown}
 j - 3 scrolls of teleportation {unknown}
 k - a scroll of blinking {unknown}
 l - a scroll of amnesia {unknown}


   Skills:
 + Level 3.6 Fighting
 - Level 3.2 Maces & Flails
 * Level 0.0(1.9) Staves
 - Level 3.2 Dodging


You had 2 spell levels left.
You didn't know any spells.
Your spell library was empty.

Dungeon Overview and Level Annotations

Branches:
Dungeon (2/15)

Altars:

Shops:
D:1 ?


Innate Abilities, Weirdness & Mutations

Your touch may inflict minor irresistible damage on your foes.


Message History

No target in view!
m - a scroll of acquirement
n - a glowing grey potion No target in view!
Key pressed, stopping explore.
No target in view! 2 worms come into view.
Found a short sword.
The worm bites you!
You hit the worm.
The worm is moderately wounded.
There are monsters nearby!
You hit the worm but do no damage.
The worm is moderately wounded.
The worm bites you! Something appears at your feet! The worm misses you.
m - a +2 lajatang of pain You are too injured to fight recklessly!
You are too injured to fight recklessly!
You are too injured to fight recklessly!
You hit the worm.
The worm is heavily wounded.
The worm misses you.
You hit the worm.
The worm is heavily wounded.
The worm bites you!
* * * LOW HITPOINT WARNING * * *
The worm bites you!
* * * LOW HITPOINT WARNING * * *
You sock the worm!
The worm is almost dead.
The worm closely misses you. The worm misses you.
It was a potion of degeneration.
There was something very wrong with that liquid.
You feel weakened.
You feel dopey.
You feel clumsy.
You are confused.
You feel invigorated. The worm bites you.
* * * LOW HITPOINT WARNING * * *
The worm bites you!
You die...

##.## #.###..####.###
##.#.######.###..........
#######.###............####.##.
#......## ##.####.##...####.#..
#.#####.###.## #...........#..
#.# ##.#.## #.......###....
###.#### ##.## ####.#..##.#
###.. .......#
#######.......##.# #.. ^......#
.......@##.#..##)# #.. .......#
......ww##.......#####..
.......#
........####..#.........
..<....#
........###.........)...
.......#
.......###..............
.......# .......
#.....#######.. ###.####
..).... #.....# #.. .......#
####### ##...## #.. .##.##.#
###.# #..


You could see 2 worms.

Vanquished Creatures
  A gnoll (D:1)
  An adder (D:2)
  2 dart slugs (D:1)
  5 bats (D:1)
  2 endoplasms (D:1)
  3 giant cockroaches (D:1)
  4 goblins
  3 kobolds
  A quokka (D:1)
  3 ball pythons
  A rat (D:1)
26 creatures vanquished.

Notes
Turn   | Place    | Note
-------+----------+-------------------------------------------
     0 | D:1      | innerfire43 the Demonspawn Monk began the quest for the
                  | Orb.
     0 | D:1      | Reached XP level 1. HP: 18/18 MP: 1/1
    99 | D:1      | Gained mutation: Your touch may inflict minor irresistible
                  | damage on your foes. [demonic ancestry]
    99 | D:1      | Reached XP level 2. HP: 24/24 MP: 2/2
   261 | D:1      | Reached XP level 3. HP: 27/29 MP: 3/3
   366 | D:1      | Identified a scroll of acquirement
   366 | D:1      | Acquired a +2 hat of intelligence
   428 | D:1      | Found Ponycs's Magic Scroll Shop.
   750 | D:2      | Acquired a +2 lajatang of pain
   753 | D:2      | HP: 1/29 [worm (7)]
   756 | D:2      | Slain by a worm

Illustrated notes

Levels and vault maps discovered:
D:1:      roderic_crossed_star, layout_rooms, serial_shops, nicolae_diamond_shop
D:2:      layout_loops_cross

Skill      XL: |  1  2 |
---------------+-------+-----
Maces & Flails | 3 |  3.2
Dodging        | 3 |  3.2
Fighting       | |  3.6

Action                     || total
---------------------------++-------
  Melee: Mace              ||    74
    Use: Scroll            ||     2
         Potion            ||     2
 Armour: Robe              ||    21
  Dodge: Dodged            ||    67

Table legend: (Time is in decaauts)
 A = Elapsed time spent in this place.
 B = Non-inter-level travel time spent in this place.
 C = Inter-level travel time spent in this place.
 D = Time resting spent in this place.
 E = Time spent auto-exploring this place.
 F = Levels seen in this place.
 G = Mean time per level.
                   A        B        C        D        E       F      G
               +--------+--------+--------+--------+--------+-----+--------+
         Total |    774 |    703 |     71 |      0 |    504 |   2 |  387.0 |
       Dungeon |    774 |    703 |     71 |      0 |    504 |   2 |  387.0 |
               +--------+--------+--------+--------+--------+-----+--------+

Top non-repeatable levels by time:
     D:1: 626 daAuts
     D:2: 148 daAuts
